 Dungeon Crawl Stone Soup version 0.27-a0-445-gbe96e517c0 (webtiles) character file.

Game seed: 14960398321701310093

11 Chiseanne the Magician (level 2, 21/21 HPs)
             Began as a Demonspawn Wanderer on Feb 27, 2021.
             Quit the game on level 1 of the Dungeon.
             The game lasted 00:00:25 (218 turns).

Chiseanne the Magician (Demonspawn Wanderer)         Turns: 218, Time: 00:00:25

Health: 21/21      AC:  5    Str: 14    XL:     2   Next: 13%
Magic:  5/5        EV: 10    Int: 11    God:
Gold:   24         SH:  0    Dex: 12    Spells: 5/5 levels left

rFire    . . .     SeeInvis .   a - +2 shortbow
rCold    . . .     Faith    .   (shield currently unavailable)
rNeg     . . .     Spirit   .   c - +0 ring mail
rPois    .         Reflect  .   (no helmet)
rElec    .         Harm     .   (no cloak)
rCorr    .         Rampage  .   (no gloves)
Will     .....                  (no boots)
Stlth    +.........             (no amulet)
HPRegen  0.07/turn              (no ring)
MPRegen  0.09/turn              (no ring)

@: no status effects
A: demonic magic 1
a: no special abilities


You were on level 1 of the Dungeon.
You visited 1 branch of the dungeon, and saw 1 of its levels.

You collected 24 gold pieces.

Inventory:

Hand Weapons
 a - a +2 shortbow (weapon)
Missiles
 b - 14 arrows (quivered ammo)
 f - 13 stones
 g - 20 bolts
Armour
 c - a +0 ring mail (worn)
Scrolls
 e - 3 scrolls of identify {unknown}
Potions
 d - a potion of curing
 h - a potion of lignification {unknown}
 i - a potion of mutation {unknown}
 j - a potion of degeneration {unknown}
 k - a potion of cancellation {unknown}


   Skills:
 * Level 1.4 Fighting
 - Level 1.0 Bows
 * Level 1.3 Armour
 * Level 1.4 Shields
 - Level 2.0 Spellcasting
 - Level 1.0 Hexes
 - Level 1.7 Ice Magic
 - Level 1.0 Evocations


You had 5 spell levels left.
You didn't know any spells.
Your spell library was empty.

Dungeon Overview and Level Annotations

Branches:
Dungeon (1/15)

Altars:


Innate Abilities, Weirdness & Mutations

Spells you cast may paralyse adjacent enemies.


Message History

No target in view!
k - a green potion
b - 21 arrows (gained 1);
f - 13 stones (gained 5)
You see here a +0 dagger.
b - 22 arrows (gained 1)
You see here a +0 dagger.
A hobgoblin comes into view. It is wielding a +0 club.
The hobgoblin shouts!
You shoot an arrow.
The arrow hits the hobgoblin but does no damage.
No target in view!
No target in view!
No target in view!
No target in view!
A frilled lizard comes into view.
You shoot an arrow. The arrow hits the hobgoblin.
You kill the hobgoblin!
You have reached level 2!
Your demonic ancestry asserts itself...
A menacing aura infuses your magic.
You shoot an arrow.
The arrow barely misses the frilled lizard.
You shoot an arrow.
The arrow barely misses the frilled lizard.
A goblin comes into view. It is wielding a +0 dagger.
You shoot an arrow.
The arrow barely misses the frilled lizard.
The goblin shouts!
You shoot an arrow. The arrow hits the frilled lizard.
You kill the frilled lizard!
You shoot an arrow. The arrow barely misses the goblin.
You shoot an arrow. The arrow hits the goblin.
You kill the goblin!
No target in view!
No target in view!
No target in view!
No target in view!
No target in view!
No target in view!
Are you sure you want to abandon this character and quit the game? (Confirm with "yes".)

###.....# .#
#....#.######### #.#
...####.........##..#
.## ###).........# .
#..........# ###..
#.........>###......
#..........)...#
#..........#####
#........@.#
...........(##
..##.......(..
...#........(.## ..
#........(.#
#.>.......(.
.........# .....(.(.#


There were no monsters in sight!

Vanquished Creatures
  A dart slug (D:1)
  2 bats (D:1)
  2 goblins (D:1)
  A hobgoblin (D:1)
  A frilled lizard (D:1)
  A kobold (D:1)
  A rat (D:1)
9 creatures vanquished.

Notes
Turn   | Place    | Note
-------+----------+-------------------------------------------
     0 | D:1      | Chiseanne the Demonspawn Wanderer began the quest for the
                  | Orb.
     0 | D:1      | Chiseanne set off with the following items: a +2 shortbow,
                  | 23 arrows, a +0 ring mail, a potion of curing
     0 | D:1      | Reached XP level 1. HP: 15/15 MP: 3/3
   212 | D:1      | Gained mutation: Spells you cast may paralyse adjacent
                  | enemies. [demonic ancestry]
   212 | D:1      | Reached XP level 2. HP: 21/21 MP: 5/5
   218 | D:1      | Quit the game

Illustrated notes

Levels and vault maps discovered:
D:1:      dpeg_arrival_stone_temple_mockup, layout_rooms

Action                   || total
-------------------------++-------
 Fire: Shortbow          ||    22
Armor: Ring mail         ||     2
Dodge: Dodged            ||     6

Table legend: (Time is in decaauts)
 A = Elapsed time spent in this place.
 B = Non-inter-level travel time spent in this place.
 C = Inter-level travel time spent in this place.
 D = Time resting spent in this place.
 E = Time spent auto-exploring this place.
 F = Levels seen in this place.
 G = Mean time per level.
                   A        B        C        D        E       F      G
               +--------+--------+--------+--------+--------+-----+--------+
         Total |    223 |    223 |      0 |      0 |    188 |   1 |  223.0 |
       Dungeon |    223 |    223 |      0 |      0 |    188 |   1 |  223.0 |
               +--------+--------+--------+--------+--------+-----+--------+

Top non-repeatable levels by time:
     D:1: 223 daAuts
